 Dungeon Crawl Stone Soup version 0.31.0-11-ge490571c62 (webtiles) character file.

Game seed: 14914161899395948663

80 thirtiethelement the Ruffian (level 4, -2/32 HPs)
             Began as a Demonspawn Shapeshifter on Feb 1, 2024.
             Incinerated by a bombardier beetle (4 damage)
             ... with a burning spray
             ... on level 3 of the Dungeon.
             The game lasted 00:03:05 (2245 turns).

thirtiethelement the Ruffian (DsSh)                 Turns: 2245, Time: 00:03:06

Health: -2/32      AC:  3    Str: 16    XL:     4   Next: 18%
Magic:  4/4        EV: 27    Int: 11    God:
Gold:   79         SH:  0    Dex: 14    Spells: 3/3 levels left

rFire   . .          .
                       - Unarmed
rCold   . . .        (no shield)
rNeg    . . .        g - +0 leather armour
rPois   .            (helmet currently unavailable)
rElec   .            (cloak currently unavailable)
rCorr   .            (gloves currently unavailable)
SInv    .            (boots currently unavailable)
Will    +....        e - amulet of the acrobat
Stlth   +            (no ring)
HPRegen 0.25/turn    (no ring)
MPRegen 0.09/turn

%: acrobat
@: on fire, beast-form, acrobatic, enlightened, flying, glowing
A: beast (slay +1), thin skeletal structure 1, demonic magic 1
a: Begin Untransformation


You were on level 3 of the Dungeon.
You were a hulking beast.
You visited 1 branch of the dungeon, and saw 3 of its levels.

You collected 79 gold pieces.

Inventory:

Armour
 a - a +0 pair of gloves
 g - a +0 leather armour (worn)
 i - a +0 cloak
Jewellery
 e - an amulet of the acrobat (around neck)
Talismans
 c - a beast talisman
 d - a flux talisman
Scrolls
 f - a scroll of immolation {unknown}
 h - 3 scrolls of teleportation {unknown}
 k - a scroll of summoning {unknown}
 l - a scroll of blinking {unknown}
 m - a scroll of revelation {unknown}
 n - 2 scrolls of identify {unknown}
Potions
 b - 2 potions of lignification
 o - a potion of heal wounds {unknown}
 p - a potion of might {unknown}


   Skills:
 + Level 1.0 Fighting
 + Level 0.1 Armour
 + Level 2.1 Dodging
 + Level 0.8 Stealth
 + Level 3.6 Unarmed Combat
 + Level 3.3 Shapeshifting


You had 3 spell levels left.
You didn't know any spells.
Your spell library contained the following spells:

 Spells                   Type           Power      Damage    Failure   Level
 Blink                    Tloc           0%         N/A       54%         2
 Lesser Beckoning         Tloc           0%         N/A       54%         2
 Momentum Strike          Conj/Tloc      0%         3d8       54%         2


Dungeon Overview and Level Annotations

Branches:
Dungeon (3/15)

Altars:


Innate Abilities, Weirdness & Mutations

You are a hulking beast.
Your limbs bulge with bestial killing power. (Slay +1)
You have a somewhat thin skeletal structure. (Dex +2, Stealth+)
Spells you cast may paralyse adjacent enemies.


Message History

The liquid fire burns you! The kobold attacks as it pursues you!
The kobold hits you but does no damage.
The bombardier beetle barely misses you.
You completely miss the bombardier beetle.
The bombardier beetle is heavily wounded.
The liquid fire burns you!
* * * LOW HITPOINT WARNING * * *
A goblin comes into view. It is wielding a +0 dagger.
The kobold hits you with a +0 short sword.
* * * LOW HITPOINT WARNING * * *
You shake off the liquid fire.
The goblin shouts!
The bombardier beetle attacks as it pursues you!
The bombardier beetle completely misses you.
The kobold attacks as it pursues you! The kobold barely misses you.
You completely miss the bombardier beetle.
The bombardier beetle is heavily wounded.
The kobold closely misses you.
You hit the bombardier beetle.
The bombardier beetle is severely wounded.
The bombardier beetle sprays incendiary fluid at you.
The burning spray misses you. The kobold closely misses you.
Okay, then.
You hit the bombardier beetle.
The bombardier beetle is almost dead.
The kobold barely misses you.
The bombardier beetle sprays incendiary fluid at you.
The burning spray hits you.
You are covered in liquid fire!
You shake off some of the fire as you move.
The liquid fire burns you!
* * * LOW HITPOINT WARNING * * *
The kobold attacks as it pursues you!
The kobold hits you with a +0 short sword.
* * * LOW HITPOINT WARNING * * *
It was a potion of enlightenment.
You feel very buoyant.
You fly up into the air.
The liquid fire burns you!
You die...

##.#. ... ... ...
###.# ####...#
#......#
#.h#########+#
##K..........#
#.#B..######..######
#.g...#............
#.....##...###...#####
##...#.##..##.....#
##.. # #........## ##.
#..####.## ## ..## #.#


You could see a bombardier beetle, a goblin and a kobold.

Vanquished Creatures
  2 adders
  5 endoplasms
  4 giant cockroaches
  5 goblins
  7 hobgoblins
  2 jackals (D:1)
  A quokka (D:3)
  10 ball pythons
  7 bats
  2 frilled lizards (D:2)
  8 kobolds
  4 rats (D:1)
57 creatures vanquished.

Notes
Turn   | Place    | Note
-------+----------+-------------------------------------------
     0 | D:1      | thirtiethelement the Demonspawn Shapeshifter began the
                  | quest for the Orb.
     0 | D:1      | Reached XP level 1. HP: 15/15 MP: 1/1
   183 | D:1      | Gained mutation: You have a somewhat thin skeletal
                  | structure. (Dex +2, Stealth+) [demonic ancestry]
   183 | D:1      | Reached XP level 2. HP: 19/21 MP: 2/2
   561 | D:1      | Gained mutation: Spells you cast may paralyse adjacent
                  | enemies. [demonic ancestry]
   561 | D:1      | Reached XP level 3. HP: 25/26 MP: 3/3
  1920 | D:3      | Reached XP level 4. HP: 26/32 MP: 4/4
  2245 | D:3      | Incinerated by a bombardier beetle

Illustrated notes

Levels and vault maps discovered:
D:1:      co_arrival_random_square_maze, layout_loops_corners
D:2:      layout_loops_ring, serial_glass, glass_columns_b, glass_columns_b,
          glass_columns_c, glass_columns_a, glass_columns_a, glass_columns_a,
          glass_columns_b, glass_columns_c
D:3:      layout_loops_corners, nicolae_overflow_hidden_temple, serial_shops,
          shop, minivault_5, roderic_malta_cross, minmay_bisected, uniq_robin

Skill      XL: |  1  2  3 |
---------------+----------+-----
Shapeshifting  | 3 |  3.3
Unarmed Combat | 3 |  3.6
Dodging        | 2 |  2.1
Fighting       | |  1.0
Armour         | |  0.1
Stealth        | |  0.8

Action                     |  1- 3 |  4- 6 || total
---------------------------+-------+-------++-------
  Melee: Unarmed           |   161 |    21 ||   182
         Punch             |     1 |       ||     1
    Use: Potion            |       |     1 ||     1
   Stab: Sleeping          |     9 |     1 ||    10
 Armour: Animal skin       |    47 |       ||    47
         Leather armour    |    25 |    17 ||    42
  Dodge: Dodged            |   117 |    22 ||   139
